Map: Kairos Junction LE

Players

HaPe

  • Race: Protoss Protoss
  • Spawn Location: 5:00

JEROS - Winner!

  • Race: Terran Terran
  • Spawn Location: 11:00

Event: 2019 WCS Spring

VOD

Have the link to the VOD?

Description

Time

  • Played on: May 17, 2019, 2:02 p.m.
  • Length: 16:06

All games in this series

Show
View Real Time Build Order
Export as new Build Order

HaPe Protoss 

Build Orders: Blink Stalkers 

Get SALT Encoding   

  12  0:00  Probe  
  13  0:12  Probe  
  14  0:18  Pylon  
  14  0:25  Probe  
  15  0:37  Probe  
  15  0:39  Gateway  
  16  0:45  Assimilator  
  16  0:49  Probe  
  17  0:56  Pylon  
  17  1:01  Probe  
  18  1:13  Probe  
  18  1:16  Gateway  
  19  1:25  Probe  
  20  1:28  Cybernetics Core  
  20  1:37  Probe  
  21  1:55  Stalker, Assimilator  
  21  1:56  Adept  
  24  2:16  Warp Gate  
  24  2:22  Probe  
  23  2:28  Adept  
  25  2:34  Probe  
  26  2:46  Probe  
  27  2:59  Probe  
  28  3:06  Nexus  
  28  3:11  Probe  
  29  3:14  Twilight Council  
  28  3:23  Probe  
  28  3:26  Pylon  
  29  3:31  Blink  
  29  3:48  Probe  
  29  3:52  Gateway  
  29  3:53  Gateway  
  30  4:08  Stalker  
  32  4:11  Stalker  
  32  4:13  Shield Battery  
  33  4:30  Probe x2  
  33  4:34  Shield Battery  
  33  4:42  Robotics Facility  
  34  4:49  Stalker  
  34  4:51  Stalker  
  37  5:02  Stalker  
  37  5:04  Stalker  
  37  5:07  Probe  
  41  5:11  Probe  
  43  5:15  Probe  
  44  5:24  Probe  
  44  5:27  Stalker  
  47  5:28  Sentry  
  47  5:34  Probe  
  47  5:38  Probe  
  47  5:40  Observer  
  47  5:42  Probe  
  50  5:49  Probe  
  49  5:52  Probe  
  49  5:56  Forge  
  51  5:58  Pylon  
  51  6:04  Charge  
  52  6:07  Stalker  
  53  6:13  Probe  
  53  6:15  Probe  
  55  6:23  Protoss Ground Armor Level 1, Warp Prism  
  55  6:25  Probe  
  58  6:27  Probe, Pylon  
  59  6:37  Probe  
  59  6:39  Probe  
  61  6:47  Zealot, Sentry  
  61  6:49  Probe  
  61  6:50  Pylon  
  61  6:52  Probe  
  67  7:01  Probe  
  66  7:13  Probe  
  65  7:18  Nexus  
  65  7:20  Zealot x3  
  65  7:21  Zealot  
  71  7:31  Immortal, Probe  
  76  7:43  Probe  
  76  7:45  Assimilator  
  76  7:47  Zealot, Shield Battery  
  78  7:51  Pylon  
  78  7:53  Pylon  
  78  8:00  Phoenix  
  78  8:09  Gateway  
  78  8:12  Gateway x2  
  78  8:13  Gateway  
  78  8:22  Zealot x3, Protoss Ground Weapons Level 1  
  78  8:23  Zealot  
  86  8:27  Probe  
  86  8:29  Probe  
  86  8:31  Probe  
  89  8:37  Probe  
  89  8:39  Probe  
  91  8:43  Probe  
  91  8:46  Probe  
  92  8:50  Robotics Bay  
  92  8:51  Probe  
  92  8:55  Stalker x3, Probe  
  101  8:58  Pylon  
  101  9:07  Probe x2  
  101  9:09  Stalker x2  
  107  9:17  Pylon  
  107  9:29  Disruptor  
  97  9:39  Stalker x6  
  97  9:43  Probe  
  97  9:44  Probe  
  110  9:48  Assimilator x2  
  110  9:53  Zealot x2  
  110  9:56  Pylon  
  114  10:05  Stargate  
  114  10:08  Zealot  
  114  10:09  Zealot x2  
  116  10:24  Disruptor  
  116  10:25  Stalker x3  
  116  10:26  Stalker x2  
  125  10:33  Pylon  
  121  10:53  Probe  
  121  10:55  Phoenix  
  108  11:02  Disruptor  
  108  11:03  Zealot x3  
  108  11:04  Zealot x4  
  121  11:16  Probe x2  
  123  11:20  Probe  
  123  11:22  Phoenix  
  123  11:23  Assimilator  
  126  11:26  Nexus  
  126  11:35  Zealot  
  126  11:36  Zealot x5  
  138  11:53  Probe x2  
  121  11:58  Probe  
  121  12:00  Zealot x4  
  130  12:05  Nexus, Probe  
  130  12:06  Pylon  
  130  12:08  Pylon  
  131  12:10  Stalker x4  
  139  12:17  Probe  
  140  12:29  Stalker x3  
  144  12:36  Probe  
  137  12:42  Fleet Beacon  
  137  12:44  Protoss Ground Weapons Level 2  
  137  12:50  Stalker x4  
  137  13:07  Stalker x3  
  141  13:19  Disruptor  
  131  13:20  Mothership  
  114  13:28  Sentry  
  96  13:42  Zealot  
  96  13:43  Zealot x4  
  87  14:01  Stalker x2  
  88  14:06  Gateway  
  88  14:07  Gateway  
  88  14:23  Sentry  
  84  14:29  Gateway  
  84  14:30  Gateway  
  84  14:33  Gateway  
  84  14:36  Disruptor  
  87  14:38  Pylon  
  85  14:48  Stalker  
  87  14:57  Pylon  
  77  15:11  Zealot x5  
  77  15:12  Disruptor  
  39  15:23  Stalker  
  16  15:29  Stalker x3  
  16  15:42  Stalker x2  
Show
View Real Time Build Order
Export as new Build Order

JEROS Terran - Winner!

Build Orders: Cyclone Opening, Mech 

Get SALT Encoding   

  12  0:00  SCV  
  13  0:12  SCV  
  14  0:18  Supply Depot  
  14  0:25  SCV  
  15  0:39  SCV  
  15  0:41  Barracks  
  16  0:46  Refinery  
  16  0:51  SCV  
  16  0:57  Refinery  
  17  1:03  SCV  
  18  1:15  SCV  
  19  1:29  Reaper, Orbital Command  
  19  1:31  Supply Depot  
  20  1:45  Factory  
  20  1:57  SCV  
  20  2:01  Reaper  
  22  2:09  SCV  
  23  2:21  SCV  
  24  2:26  Supply Depot  
  24  2:31  Factory Tech Lab  
  24  2:35  Starport  
  24  2:38  Bunker  
  24  2:39  SCV  
  25  2:51  SCV  
  25  2:52  Cyclone  
  29  3:04  SCV  
  30  3:10  Mag-Field Accelerator  
  30  3:24  Cyclone  
  32  3:40  SCV  
  32  3:41  Command Center  
  32  3:44  Viking  
  34  3:52  SCV  
  35  3:56  Cyclone  
  37  4:04  SCV  
  38  4:16  SCV  
  39  4:24  Barracks Reactor  
  39  4:27  Viking  
  39  4:29  SCV  
  39  4:37  Supply Depot  
  39  4:47  SCV  
  38  4:53  Cyclone  
  38  4:56  Orbital Command  
  38  4:59  SCV  
  42  5:02  Marine x2  
  42  5:06  Bunker  
  44  5:11  SCV  
  45  5:19  Factory, Marine  
  45  5:20  Marine  
  47  5:23  SCV, Factory  
  47  5:24  Starport Tech Lab  
  47  5:25  Cyclone  
  47  5:28  SCV  
  52  5:35  SCV  
  53  5:40  SCV  
  51  5:50  SCV  
  51  5:52  SCV  
  51  5:56  Command Center, Refinery  
  50  5:57  Refinery  
  50  6:03  SCV  
  54  6:06  Siege Tank  
  54  6:11  SCV  
  54  6:15  SCV  
  54  6:17  Hellion x2  
  60  6:22  Siege Tank  
  60  6:23  Supply Depot  
  60  6:25  SCV  
  62  6:28  Supply Depot  
  62  6:35  Starport Tech Lab  
  62  6:36  Barracks Reactor  
  62  6:38  Barracks Tech Lab  
  62  6:45  SCV x2, Hellion, Siege Tank  
  69  6:50  Hellion, Supply Depot  
  69  6:51  Supply Depot  
  71  6:57  Armory, SCV  
  72  7:01  SCV  
  73  7:09  SCV  
  73  7:15  Hellion x2, Cyclone  
  80  7:17  Factory Tech Lab  
  80  7:20  SCV  
  82  7:22  Supply Depot  
  82  7:23  Engineering Bay, Orbital Command  
  81  7:43  Hellion  
  81  7:44  Hellion, Cyclone  
  88  7:48  Cyclone, Factory  
  88  7:50  Orbital Command, Factory  
  88  7:51  SCV x2, Factory  
  93  8:03  SCV x2  
  93  8:05  Refinery  
  95  8:07  Hellion x2, Refinery  
  99  8:15  SCV, Factory  
  99  8:17  SCV  
  99  8:19  SCV  
  102  8:23  Bunker  
  102  8:27  SCV  
  102  8:28  Bunker  
  102  8:29  SCV  
  104  8:34  Cyclone  
  104  8:36  Factory Tech Lab  
  104  8:37  SCV  
  104  8:39  SCV  
  109  8:41  SCV  
  109  8:42  Terran Vehicle And Ship Armor Level 1  
  109  8:45  Missile Turret  
  110  8:50  Missile Turret  
  110  8:51  SCV x2  
  110  8:53  Supply Depot  
  112  8:55  Supply Depot  
  112  8:57  Cyclone  
  115  9:03  Factory Tech Lab  
  115  9:14  Cyclone x2  
  115  9:15  Cyclone  
  115  9:16  Supply Depot x2  
  124  9:18  Supply Depot  
  124  9:19  SCV x3  
  125  9:31  SCV x3  
  125  9:43  SCV x3  
  127  9:47  Supply Depot  
  127  9:51  Supply Depot  
  127  9:53  Missile Turret x2  
  127  9:55  SCV x3  
  127  9:56  Starport Reactor  
  127  9:58  Missile Turret, Cyclone x2  
  136  10:01  Missile Turret  
  136  10:02  Cyclone  
  136  10:06  Cyclone  
  142  10:07  SCV x2  
  142  10:11  Cyclone  
  145  10:17  Infernal Pre-Igniter  
  145  10:18  Cyclone  
  148  10:27  SCV  
  148  10:28  SCV x2  
  149  10:30  Cyclone  
  150  10:41  Command Center  
  150  10:49  Cyclone x2  
  150  10:53  Hellion x2  
  151  11:00  SCV x2  
  151  11:15  Cyclone  
  151  11:16  Hellion x2, Cyclone, Supply Depot  
  151  11:17  Supply Depot  
  161  11:20  Drilling Claws  
  161  11:21  Terran Vehicle And Ship Armor Level 2  
  161  11:24  Armory  
  161  11:27  Cyclone  
  161  11:32  Cyclone  
  167  11:35  Cyclone  
  170  11:43  Cyclone  
  173  11:48  Cyclone  
  173  11:49  Cyclone  
  166  12:11  Hellion x3, Cyclone x2  
  166  12:15  Cyclone  
  181  12:16  Refinery  
  175  12:29  Cyclone x2  
  177  12:32  Cyclone  
  180  12:39  Terran Vehicle Weapons Level 1  
  180  12:43  Cyclone  
  180  12:44  SCV x3  
  184  12:56  SCV x2  
  176  13:15  Hellion x2, Cyclone  
  156  13:29  Hellion x2, Cyclone x3  
  84  13:58  Hellion, Cyclone  
  84  13:59  Hellion, Cyclone  
  91  14:23  SCV x2  
  91  14:28  Cyclone  
  91  14:29  Cyclone  
  86  14:48  Cyclone  
  89  14:55  Siege Tank  
  88  15:12  Cyclone  
  71  15:25  Cyclone  
Tags
 
Add a new tag
Caveats
  • Supply blocks, unpowered buildings, or Contaminate may cause inaccurate times.
  • Supply counts are checked every 10 seconds.